AoeStats
← Abraham

Black Forest

507534579Analyzed
2v2 RM · 12d ago on Sep 18, 2026· 49m 1s· 4 players
Game mode
Random Map
Map size
Medium (4 player)
Population
200
Speed
Normal
Resources
Standard
Victory
Conquest
Starting age
Dark Age
Ending age
Imperial Age
RankedLock teamsTeams togetherTeam positionsShared explorationLock speedFull tech treeHidden civsTurbo modeCheats
Victory
Defeat
🇩🇪 Bohemians · Germany
1026
+17
🇩🇪 Khmer · Germany
1012
+17
🇨🇦 Georgians · Canada
1061
-18
🇦🇲 Mongols · Armenia
1019
-16
Abraham
11:02 Feudal Age
11:58 Double-Bit Axe
11:56 Horse Collar
19:41 Castle Age
17:53 Stone Mining
18:24 Gold Mining
22:34 Loom
23:25 Fletching
25:38 Bodkin Arrow
26:26 Wheelbarrow
26:05 Town Watch
26:34 Forging
27:24 Caravan
31:31 Imperial Age
29:26 Padded Archer Armor
30:20 Scale Barding Armor
31:35 Bloodlines
32:55 Iron Casting
33:22 Bracer
34:38 Husbandry
35:50 Leather Archer Armor
36:13 Ballistics
36:47 Conscription
37:23 Chain Barding Armor
38:06 Chemistry
40:28 Masonry
40:43 Heavy Plow
42:02 Elite Steppe Lancer
43:38 Onager
48:03 Blast Furnace
FuaKatelas
0:48 Loom
14:10 Feudal Age
19:08 Castle Age
19:21 Double-Bit Axe
19:19 Horse Collar
20:31 Wheelbarrow
20:43 Scale Barding Armor
22:27 Husbandry
23:04 Chain Barding Armor
24:45 Forging
29:37 Iron Casting
31:29 Fletching
32:28 Hand Cart
36:06 Imperial Age
34:42 Bodkin Arrow
34:45 Gold Mining
36:37 Heavy Plow
36:50 Bow Saw
37:15 Conscription
38:04 Plate Barding Armor
38:06 Bloodlines
40:05 Blast Furnace
39:14 Aznauri Cavalry
41:59 Onager
45:40 Cavalier
Steve the Thief
0:42 Loom
12:18 Feudal Age
13:16 Double-Bit Axe
18:30 Castle Age
16:44 Horse Collar
20:43 Fervor
31:19 Imperial Age
30:37 Chemistry
29:30 Fletching
30:24 Heavy Plow
31:18 Fortified Wall
32:08 Bodkin Arrow
33:27 Wheelbarrow
36:23 Hand Cart
35:53 Town Watch
36:18 Bracer
36:18 Padded Archer Armor
36:30 Forging
36:20 Scale Mail Armor
36:33 Masonry
36:57 Houfnice
37:55 Caravan
38:29 Bow Saw
38:38 Pikeman
38:44 Elite Skirmisher
39:48 Conscription
39:34 Wagenburg Tactics
40:00 Halberdier
40:40 Squires
40:25 Arson
40:51 Siege Engineers
41:04 Chain Mail Armor
41:24 Iron Casting
44:25 Two-Man Saw
43:57 Architecture
43:48 Ballistics
43:24 Murder Holes
43:11 Treadmill Crane
44:02 Elite Hussite Wagon
45:54 Town Patrol
49:23 Plate Mail Armor
49:28 Iron Casting
49:09 Leather Archer Armor
Boris the Beast
1:12 Loom
12:00 Feudal Age
12:30 Double-Bit Axe
17:03 Castle Age
15:16 Horse Collar
16:00 Gold Mining
18:30 Fletching
23:37 Caravan
26:00 Elite Skirmisher
27:02 Scale Mail Armor
27:56 Fortified Wall
29:55 Tusk Swords
29:59 Town Watch
30:49 Bodkin Arrow
31:29 Padded Archer Armor
35:34 Imperial Age
34:05 Ballistics
33:56 Masonry
34:15 Leather Archer Armor
34:11 Forging
33:43 Pikeman
35:03 Bow Saw
35:57 Wheelbarrow
37:22 Onager
38:33 Hand Cart
37:42 Halberdier
39:18 Architecture
39:33 Double Crossbow
40:12 Heavy Plow
40:06 Stone Mining
40:51 Husbandry
41:02 Bloodlines
41:00 Scale Barding Armor
40:35 Elite Battle Elephant
42:12 Crop Rotation
42:19 Conscription
43:32 Chemistry
43:10 Town Patrol
44:04 Chain Barding Armor
Connection lost

Rejoining the realm…

Still unreachable

The connection could not be restored.

Session expired

The server has moved on; the page needs a fresh start.